 Dungeon Crawl Stone Soup version 0.19-a0-1442-g3b32ff5 (webtiles) character file.

1029 junb69 the Magician (level 8, -3/85 HPs)
             Began as a Purple Draconian Venom Mage on Sept 5, 2016.
             Was an Initiate of Vehumet.
             Incinerated by a mottled dragon (6 damage)
             ... with a sticky flame
             ... on level 5 of the Dungeon.
             The game lasted 00:25:19 (7284 turns).

junb69 the Magician (Purple Draconian Venom Mage)   Turns: 7284, Time: 00:25:20

Health: -3/85      AC: 24    Str: 11    XL:     8   Next: 3%
Magic:  3/17       EV:  2    Int: 17    God:    Vehumet [......]
Gold:   227        SH:  0    Dex: 12    Spells: 4 memorised, 7 levels left

rFire  . . .     SeeInvis .     e - +5 rapier (speed)
rCold  . . .     Gourm    .     (armour unavailable)
rNeg   + + +     Faith    .     (no shield)
rPois  +         Spirit   .     (helmet currently unavailable)
rElec  .         Dismiss  .     (cloak currently unavailable)
rCorr  .         Reflect  .     (gloves currently unavailable)
MR     +....     Harm     .     (boots currently unavailable)
Stlth  +......... NoTele   +    (no amulet)
                                (no ring)
                                j - ring of flight

@: liquid flames, tree-form, glowing
A: (breathe power), unfitting armour, (cold-blooded), AC +6
a: Renounce Religion


You were on level 5 of the Dungeon.
You worshipped Vehumet.
Vehumet was noncommittal.
You were not hungry.
You were a tree.
You visited 2 branches of the dungeon, and saw 7 of its levels.

You collected 227 gold pieces.

Inventory:

Hand Weapons
 e - a +5 rapier of speed (weapon)
Missiles
 l - 4 curare-tipped needles
Armour
 x - a +0 pair of gloves (melded)
Jewellery
 j - a ring of flight (left branch)
 r - an uncursed amulet of rage {unknown}
Wands
 k - a wand of random effects (28/48)
 w - a wand of polymorph (16/24)
Scrolls
 h - 4 scrolls of identify
 i - 2 scrolls of remove curse
 p - 2 scrolls of blinking
 s - a scroll of amnesia {unknown}
Potions
 g - a potion of heal wounds {unknown}
 m - a potion of magic {unknown}
 n - a potion of cancellation {unknown}
 q - a potion of degeneration {unknown}
 v - 2 potions of cure mutation
 z - a potion of invisibility {unknown}
Books
 a - a Young Poisoner's Handbook

   Spells                             Type                      Level
   a - Sting                          Conjuration/Poison           1
   b - Mephitic Cloud                 Conjuration/Poison/Air       3
   c - Olgreb's Toxic Radiance        Poison                       4
   d - Alistair's Intoxication        Transmutation/Poison         5
   e - Venom Bolt                     Conjuration/Poison           5
 t - a book of Frost

   Spells                             Type                      Level
   a - Freeze                         Ice                          1
   b - Throw Frost                    Conjuration/Ice              2
   c - Ozocubu's Armour               Charms/Ice                   3
   d - Throw Icicle                   Conjuration/Ice              4
   e - Summon Ice Beast               Ice/Summoning                4
Comestibles
 b - 4 bread rations
 d - 2 slices of pizza
 f - 3 chunks of flesh
 o - 2 meat rations
 u - 4 fruits


   Skills:
 - Level 1.7 Dodging
 - Level 1.7 Stealth
 - Level 6.6 Spellcasting
 * Level 6.4 Conjurations
 * Level 5.2 Poison Magic


You had 7 spell levels left.
You knew the following spells:

 Your Spells              Type           Power        Failure   Level  Hunger
a - Sting                 Conj/Pois      ####         1%          1    None
b - Mephitic Cloud        Conj/Pois/Air  ###.....     10%         3    ##.....
c - Venom Bolt            Conj/Pois      ####......   30%         5    #####..
d - Throw Icicle          Conj/Ice       ###.....     38%         4    ####...


Dungeon Overview and Level Annotations

Branches:
Dungeon (6/15)             Temple (1/1) D:4

Altars:
Ashenzari
Cheibriados
Dithmenos
Elyvilon
Fedhas
Gozag
Hepliaklqana
Kikubaaqudgha
Nemelex Xobeh
Qazlal
Ru
Sif Muna
Trog
Uskayaw
Vehumet
Yredelemnul
Zin
The Shining One

Annotations:
D:1 Terence
D:2 Crazy Yiuf
D:3 Natasha
D:4 sergedm's ghost, novice NaBe
D:5 asdguy00's ghost, novice HOMo


Innate Abilities, Weirdness & Mutations

((You can breathe bolts of dispelling energy.))
((Your rich purple scales are hard. (AC +6)))
Your body does not fit into most forms of armour.
((You are cold-blooded and may be slowed by cold attacks.))


Message History

There is a stone staircase leading up here.
You are covered in liquid flames!
* * * LOW HITPOINT WARNING * * *
You climb upwards.
Level annotation: asdguy00's ghost, novice HOMo The giant gecko hisses angrily.
A crimson imp comes into view.
You are covered in liquid flames!
* * * LOW HITPOINT WARNING * * *
Found a stone staircase leading down.
There is a stone staircase leading down here.
It was a potion of cure mutation.
It has a very clean taste.
You are covered in liquid flames!
* * * LOW HITPOINT WARNING * * *
The giant gecko closely misses you.
It was a potion of lignification.
You turn into a tree.
Your +0 pair of gloves melds into your body.
Your roots penetrate the ground.
You are covered in liquid flames!
You die...

#.# . #.> .
#.. .# #..
.# #.. #.##
#..#...###.
#.........#
#♣...#
#l#.## #.#
# #.. #5#
#.# #.# #..


You could see a crimson imp and a giant gecko.

Vanquished Creatures
  Prince Ribbit (D:5)
  Eustachio (D:4)
  2 ogres (D:5)
  A giant frog (D:6)
  A centaur skeleton (D:4)
  2 hounds (D:4)
  3 orc wizards
  2 iguanas
  2 worker ants
  A killer bee zombie (D:5)
  A hound skeleton (D:4)
  A worker ant zombie (D:6)
  2 adders
  2 oozes
  An adder skeleton (D:4)
  2 worms
  2 dart slugs
  4 giant geckos
  22 orcs
  3 ball pythons
  6 giant cockroaches
  6 goblins
  9 hobgoblins
  2 jackals (D:4)
  4 quokkas
  7 bats
  A giant gecko skeleton (D:4)
  5 giant newts
  10 kobolds
  11 rats
117 creatures vanquished.

Notes
Turn   | Place    | Note
-------+----------+-------------------------------------------
     0 | D:1      | junb69 the Draconian Venom Mage began the quest for the Orb.
     0 | D:1      | Reached XP level 1. HP: 14/14 MP: 3/3
   312 | D:1      | Reached skill level 1 in Conjurations
   535 | D:1      | Reached XP level 2. HP: 16/20 MP: 0/5
  1124 | D:2      | Found a shadowy altar of Dithmenos.
  1125 | D:2      | Found an ancient bone altar of Kikubaaqudgha.
  1134 | D:2      | Found a deep blue altar of Sif Muna.
  1141 | D:2      | Found a shattered altar of Ashenzari.
  1249 | D:2      | Noticed Terence
  1371 | D:2      | Reached XP level 3. HP: 24/26 MP: 2/6
  1432 | D:2      | Learned a level 3 spell: Mephitic Cloud
  1579 | D:2      | Found an opulent altar of Gozag.
  1613 | D:2      | Found a runed door.
  2426 | D:2      | Reached XP level 4. HP: 33/33 MP: 4/7
  2463 | D:2      | Noticed Crazy Yiuf
  2838 | D:3      | Noticed Natasha
  3358 | D:3      | Reached skill level 5 in Poison Magic
  3695 | D:3      | Reached XP level 5. HP: 38/38 MP: 0/8
  4560 | D:4      | Learned a level 5 spell: Venom Bolt
  4771 | D:4      | Reached XP level 6. HP: 45/45 MP: 6/10
  4903 | D:4      | Found a staircase to the Ecumenical Temple.
  4904 | D:4      | Noticed Eustachio
  4908 | Temple   | Entered the Ecumenical Temple
  4956 | Temple   | Became a worshipper of Vehumet
  5110 | D:4      | Noticed sergedm's ghost (novice NaBe)
  5243 | D:4      | Killed Eustachio
  6034 | D:5      | Entered Level 5 of the Dungeon
  6142 | D:5      | Reached skill level 5 in Conjurations
  6142 | D:5      | Your scales start taking on a rich purple colour.
  6142 | D:5      | Reached skill level 5 in Spellcasting
  6142 | D:5      | Reached XP level 7. HP: 50/50 MP: 0/14
  6365 | D:5      | Noticed Prince Ribbit
  6382 | D:5      | Killed Prince Ribbit
  6673 | D:5      | Learned a level 4 spell: Throw Icicle
  6928 | D:5      | Noticed asdguy00's ghost (novice HOMo)
  7054 | D:6      | Reached XP level 8. HP: 54/57 MP: 9/17
  7127 | D:6      | Found a snail-covered altar of Cheibriados.
  7187 | D:6      | Found a stormy altar of Qazlal.
  7243 | D:6      | Found a snail-covered altar of Cheibriados.
  7283 | D:5      | HP: 2/57 [burnt (4)]
  7284 | D:5      | Incinerated by a mottled dragon

Vault maps used:
D:1:      dpeg_arrival_shelter
D:2:      overflow_temple_1_default, minitemple, grunt_gozag_breadcrumbs,
          uniq_terence, uniq_crazy_yiuf_cottage
D:3:      uniq_natasha
D:4:      first_bread, uniq_eustachio
D:5:      nrook_uturn, kennysheep_generic_room_12, uniq_edmund,
          uniq_prince_ribbit1, uniq_menkaure
D:6:      grunt_qazlal_clouds, kennysheep_mini_moat, basic_altar
Temple:   minmay_temple_bridge_abc

Skill      XL: |  1  2  3  4  5  6  7 |
---------------+----------------------+-----
Conjurations   | 1 2 3 4 5 6 |  6.4
Poison Magic   | 5 |  5.2
Spellcasting   | 3 5 6 |  6.6
Dodging        | |  1.7
Stealth        | |  1.7

Action                   |  1- 3 |  4- 6 |  7- 9 || total
-------------------------+-------+-------+-------++-------
Melee: Whip              |    85 |    45 |       ||   130
       Club              |     6 |       |       ||     6
       Tailslap          |     7 |    12 |     2 ||    21
       Dagger            |       |    70 |       ||    70
       Rapier            |       |    20 |    33 ||    53
 Cast: Sting             |    84 |   103 |    43 ||   230
       Mephitic Cloud    |     2 |    10 |     4 ||    16
       Throw Icicle      |       |       |     5 ||     5
  Use: Scroll            |       |    11 |       ||    11
       Potion            |       |     1 |     4 ||     5
 Stab: Sleeping          |       |     1 |       ||     1
       Confused          |       |     1 |       ||     1
  Eat: Chunk             |     7 |    14 |     5 ||    26
Armor: Skin              |    61 |    27 |     9 ||    97
Dodge: Dodged            |   113 |    75 |    25 ||   213
